 Dungeon Crawl Stone Soup version 0.22-a0-373-gab1296c (webtiles) character file.

837 Firecrotchwizard the Spear-Bearer (level 7, 0/56 HPs)
             Began as a Merfolk Gladiator on Apr 26, 2018.
             Was an Initiate of Makhleb.
             Killed by divine providence
             ... invoked by an orc priest
              (10 damage)
             ... on level 5 of the Dungeon.
             The game lasted 00:08:02 (4013 turns).

Firecrotchwizard the Spear-Bearer (MfGl)            Turns: 4013, Time: 00:08:02

Health: 0/56       AC: 16    Str: 19    XL:     7   Next: 99%
Magic:  7/7        EV: 10    Int: 12    God:    Makhleb [......]
Gold:   182        SH:  0    Dex: 15    Spells: 6/6 levels left

rFire    + . .     SeeInvis .   a - +0 trident
rCold    . . .     Gourm    .   (no shield)
rNeg     . . .     Faith    .   A - +1 chain mail "Xigg" {rPois rF+ Int+4} (curse)
rPois    +         Spirit   .   c - +1 helmet
rElec    .         Reflect  .   o - +2 cloak {rPois}
rCorr    .         Harm     .   (no gloves)
MR       .....     Rnd*Tele +   y - +1 pair of boots
Stlth    ..........             (no amulet)
HPRegen  0.18/turn              g - +3 ring of strength (curse)
MPRegen  0.10/turn              u - ring of teleportation (curse) {+/*tele, !d}

@: about to teleport
A: change form in water, swift swim, stealthy swim
a: Renounce Religion


You were on level 5 of the Dungeon.
You worshipped Makhleb.
Makhleb was noncommittal.
You were not hungry.

You visited 2 branches of the dungeon, and saw 6 of its levels.

You collected 182 gold pieces.

Inventory:

Hand Weapons
 a - a +0 trident (weapon)
 k - a +0 short sword of venom
   (You found it on level 1 of the Dungeon)
Missiles
 d - 2 throwing nets {=f, !d}
Armour
 b - a +0 leather armour
 c - a +1 helmet (worn)
 o - a +2 cloak of poison resistance (worn)
   (You found it on level 1 of the Dungeon)
 p - a +0 scale mail
   (You found it on level 1 of the Dungeon)
 y - a +1 pair of boots (worn)
   (You found it on level 4 of the Dungeon)
 A - the cursed +1 chain mail "Xigg" (worn) {rPois rF+ Int+4}
   (You found it on level 4 of the Dungeon)

   It affects your intelligence (+4).
   It protects you from fire.
   It protects you from poison.
   It has a curse placed upon it.
 F - a +0 pair of gloves
   (You found it on level 5 of the Dungeon)
Jewellery
 g - a cursed +3 ring of strength (left hand)
   (You found it on level 1 of the Dungeon)
 h - a +3 ring of dexterity
   (You found it on level 1 of the Dungeon)
 n - a +3 ring of protection
   (You found it on level 1 of the Dungeon)
 u - a cursed ring of teleportation (right hand) {+/*tele, !d}
   (You found it on level 4 of the Dungeon)
 x - an uncursed ring of see invisible {sInv, !d}
   (You found it on level 3 of the Dungeon)
 B - a +3 ring of strength
   (You found it on level 5 of the Dungeon)
 G - an uncursed amulet of rage {+Rage, !d}
   (You found it on level 5 of the Dungeon)
Wands
 q - a wand of enslavement (15)
   (You found it on level 4 of the Dungeon)
 v - a wand of digging (11)
   (You found it on level 3 of the Dungeon)
 w - a wand of iceblast (14)
   (You found it on level 3 of the Dungeon)
Scrolls
 e - a scroll of immolation {!r}
 i - a scroll of blinking {!r}
 l - a scroll of teleportation
 t - 2 scrolls of amnesia
 C - a scroll of magic mapping {!r}
Potions
 m - 2 potions of agility {unknown}
 s - a potion of curing
 z - a potion of cancellation {unknown}
 E - a potion of resistance {unknown}
Comestibles
 f - 6 rations {@e1}
 j - 2 chunks of flesh {@w0}


   Skills:
 + Level 5.1 Fighting
 * Level 9.8 Polearms
 - Level 2.0 Throwing
 + Level 6.9 Dodging


You had 6 spell levels left.
You didn't know any spells.

Dungeon Overview and Level Annotations

Branches:
Dungeon (5/15)             Temple (1/1) D:5

Altars:
Ashenzari
Cheibriados
Dithmenos
Elyvilon
Fedhas
Gozag
Makhleb
Nemelex Xobeh
Okawaru
Qazlal
Ru
Sif Muna
Trog
Uskayaw
Vehumet
Wu Jian
Xom
Yredelemnul
Zin
The Shining One


Message History

The orc priest begins to cast a cantrip, but forgets the words!
You see here 26 sling bullets.
You hit the orc warrior.
The orc warrior hits you with a short sword!
You take 11 damage, and have 38/55 hp.
You closely miss the orc warrior. The orc warrior closely misses you.
Your chain mail "Xigg" prevents you from hitting the orc warrior.
The orc warrior misses you.
You hit the orc warrior. You barely miss the orc warrior.
The orc warrior hits you with a short sword.
You take 3 damage, and have 35/55 hp.
You are too injured to fight recklessly!
You are too injured to fight recklessly!
You are too injured to fight recklessly!
You are too injured to fight recklessly!
You are too injured to fight recklessly!
You are too injured to fight recklessly!
You are too injured to fight recklessly!
You are too injured to fight recklessly!
You are too injured to fight recklessly!
You are too injured to fight recklessly!
You are too injured to fight recklessly!
You completely miss the orc warrior.
The orc warrior hits you but does no damage.
You hit the orc warrior but do no damage.
The orc warrior barely misses you.
You hit the orc warrior but do no damage.
The orc warrior hits you with a short sword!
You take 9 damage, and have 26/55 hp.
You hit the orc warrior.
The orc priest mumbles some strange prayers to Beogh against you.
Beogh smites you!
You take 8 damage, and have 18/55 hp.
You completely miss the orc warrior.
The orc warrior hits you but does no damage.
You closely miss the orc warrior.
The orc warrior hits you but does no damage.
You hit the orc warrior but do no damage.
The orc warrior misses you.
You hit the orc warrior but do no damage.
The orc warrior hits you with a short sword.
* * * LOW HITPOINT WARNING * * *
You take 5 damage, and have 13/55 hp.
You closely miss the orc warrior.
The orc warrior hits you with a short sword.
* * * LOW HITPOINT WARNING * * *
You take 1 damage, and have 12/55 hp.
You hit the orc warrior but do no damage.
You puncture the orc warrior!
You kill the orc warrior!
Makhleb accepts your kill.
Your Fighting skill increases to level 5!
It was a potion of curing.
You feel better.
An orc wizard appears from thin air!
Reactivating autopickup.
The orc wizard closely misses you.
The orc priest casts a cantrip, but nothing happens.
You regained 10 hp, and now have 23/56 hp.
You hit the orc wizard. The orc wizard closely misses you.
You hit the orc wizard. The orc wizard hits you with a dagger.
You take 2 damage, and have 21/56 hp.
You closely miss the orc wizard.
The orc wizard hits you but does no damage.
The orc wizard gestures wildly while chanting.
The orc wizard flickers and vanishes!
Deactivating autopickup; reactivate with Ctrl-A.
You miss something. Something hits you but does no damage.
You hit something but do no damage.
You hear some strange, mumbled words.
A magic dart appears from out of thin air!
The magic dart hits you!
You take 2 damage, and have 20/56 hp.
Your chain mail "Xigg" prevents you from hitting something.
Something hits you but does no damage.
You puncture something! Makhleb accepts your kill.
Reactivating autopickup.
You feel a bit more experienced.
You puncture the orc!
You kill the orc!
Makhleb accepts your kill.
The orc priest calls down the wrath of Beogh upon you.
Beogh smites you!
* * * LOW HITPOINT WARNING * * *
The orc hits you but does no damage.
Items here: ))) [[ a flail; a dagger; a robe; a short sword; a chain mail You take 11 damage, and have 9/56 hp.
You hit the orc but do no damage. The orc completely misses you.
You hit the orc but do no damage. You closely miss the orc.
The orc closely misses you.
You barely miss the orc. The orc barely misses you.
You hit the orc but do no damage.
As you read the scroll of teleportation, it crumbles to dust.
You feel strangely unstable. The orc hits you but does no damage.
The orc priest calls down the wrath of Beogh upon you.
Beogh smites you!
You die...

#.............##.#
#............o##..
#....o.....o....o.
#!......o....#####
#o..g.(......# #
#oo..........# #o
#g#########..# #.
#o# #..#


o.o #@# #..###.# #.# #... # # #........ #..#. . ########. #..##. You could see
an orc priest, a gnoll and 3 orcs.

Vanquished Creatures
  An orc warrior (D:5)
  The ghost of garrulousMonolith the Chopper, an amateur HOMo (D:3)
  A phantom (D:5)
  An ogre (D:4)
  A scorpion (D:4)
  A howler monkey (D:4)
  2 hounds (D:4)
  An orc priest (D:3)
  An orc wizard (D:5)
  2 iguanas (D:4)
  2 worker ants
  A hound skeleton (D:5)
  3 gnolls (D:5)
  4 adders
  An ooze (D:3)
  2 adder skeletons (D:4)
  A worm (D:3)
  A dart slug (D:1)
  4 leopard geckos
  4 orcs
  6 bats
  7 giant cockroaches
  11 goblins
  11 hobgoblins
  6 jackals
  8 kobolds
  2 quokkas (D:3)
  A ball python (D:1)
  8 frilled lizards
  8 rats
103 creatures vanquished.

Notes
Turn   | Place    | Note
-------+----------+-------------------------------------------
     0 | D:1      | Firecrotchwizard the Merfolk Gladiator began the quest for the Orb.
     0 | D:1      | Reached XP level 1. HP: 16/16 MP: 1/1
    37 | D:1      | Reached XP level 2. HP: 15/23 MP: 2/2
   232 | D:1      | Reached skill level 5 in Polearms
   545 | D:1      | Reached XP level 3. HP: 28/28 MP: 3/3
  1995 | D:3      | Noticed garrulousMonolith's ghost (amateur HOMo)
  2053 | D:3      | Killed garrulousMonolith's ghost
  2053 | D:3      | Reached skill level 3 in Fighting
  2053 | D:3      | Reached skill level 6 in Polearms
  2053 | D:3      | Reached skill level 5 in Dodging
  2053 | D:3      | Reached XP level 4. HP: 20/35 MP: 4/4
  2053 | D:3      | Reached XP level 5. HP: 23/41 MP: 5/5
  2343 | D:3      | Reached skill level 7 in Polearms
  2488 | D:3      | You fall through a shaft!
  2504 | D:4      | Noticed an ogre
  2759 | D:4      | Reached XP level 6. HP: 40/48 MP: 6/6
  3057 | D:4      | Reached skill level 4 in Fighting
  3070 | D:4      | Reached skill level 8 in Polearms
  3082 | D:4      | Reached skill level 6 in Dodging
  3087 | D:4      | Reached XP level 7. HP: 31/55 MP: 7/7
  3345 | D:4      | Got a slimy chain mail
  3357 | D:4      | Identified the cursed +1 chain mail "Xigg" {rPois rF+ Int+4} (You found it on level 4 of the Dungeon)
  3565 | D:5      | Entered Level 5 of the Dungeon
  3608 | D:5      | Reached skill level 9 in Polearms
  3801 | D:5      | Found a staircase to the Ecumenical Temple.
  3810 | Temple   | Entered the Ecumenical Temple
  3846 | Temple   | Became a worshipper of Makhleb the Destroyer
  3994 | D:5      | HP: 13/55 [orc warrior/short sword (5)]
  3997 | D:5      | Reached skill level 5 in Fighting
  4007 | D:5      | HP: 9/56 [orc priest/divine providence (11)]
  4013 | D:5      | Killed from afar by an orc priest

Vault maps used:
D:1:      dpeg_arrival_arbitrary_c, serial_forest, infiniplex_forest_clump_C,
          infiniplex_forest_end_3, infiniplex_forest_clump_double,
          infiniplex_forest_straight_2, infiniplex_forest_end_3,
          infiniplex_forest_clump_diagonal, infiniplex_forest_corner_2,
          infiniplex_forest_lined_ring
D:2:      first_ration, hex_medium
D:5:      lemuel_ice_spiral_2, minmay_temple_entry_grid, guppyfry_early_orc_mine
Temple:   grunt_wide_crystal_templ

Skill      XL: |  1  2  3  4  5  6  7 |
---------------+----------------------+-----
Polearms       | 5 6 7 8 9 |  9.8
Fighting       | 3 4 5 |  5.1
Dodging        | 5 6 |  6.9
Throwing       | |  2.0

Action                   |  1- 3 |  4- 6 |  7- 9 || total
-------------------------+-------+-------+-------++-------
Melee: Trident           |   134 |   126 |   153 ||   413
Throw: Throwing net      |       |     1 |       ||     1
  Use: Scroll            |       |     7 |     4 ||    11
       Potion            |       |       |     1 ||     1
 Stab: Sleeping          |     1 |       |       ||     1
  Eat: Chunk             |     3 |     4 |     3 ||    10
Armor: Leather armour    |    11 |       |       ||    11
       Scale mail        |    25 |    42 |       ||    67
       Chain mail        |       |       |    65 ||    65
Dodge: Dodged            |    59 |    75 |    67 ||   201

Table legend:
 A = Spawn XP
 B = Non-spawn XP
 C = Spawn XP percentage of total XP
 D = Spawn monster count
 E = Non-spawn monster count
 F = Spawn count percentage of total count
 G = Total turns spent on level
                    A         B        C        D         E        F      G
               +---------+---------+-------+---------+---------+-------+---------
         Total |       0 |    1197 |   0.0 |       0 |     103 |   0.0 |  4013
               +---------+---------+-------+---------+---------+-------+---------
           D:1 |       0 |      34 |   0.0 |       0 |      20 |   0.0 |   894
           D:2 |       0 |      33 |   0.0 |       0 |      20 |   0.0 |   931
           D:3 |       0 |     223 |   0.0 |       0 |      30 |   0.0 |   881
           D:4 |       0 |     470 |   0.0 |       0 |      17 |   0.0 |   859
           D:5 |       0 |     437 |   0.0 |       0 |      16 |   0.0 |   402
               +---------+---------+-------+---------+---------+-------+---------

Vault maps used:
D:1:      dpeg_arrival_arbitrary_c, serial_forest, infiniplex_forest_clump_C,
          infiniplex_forest_end_3, infiniplex_forest_clump_double,
          infiniplex_forest_straight_2, infiniplex_forest_end_3,
          infiniplex_forest_clump_diagonal, infiniplex_forest_corner_2,
          infiniplex_forest_lined_ring
D:2:      first_ration, hex_medium
D:5:      lemuel_ice_spiral_2, minmay_temple_entry_grid, guppyfry_early_orc_mine
Temple:   grunt_wide_crystal_templ

Table legend:
 A = Turns spent in this place as a percentage of turns spent in the entire game.
 B = Non-inter-level travel turns spent in this place as a percentage of non-inter-level travel turns spent in the entire game.
 C = Inter-level travel turns spent in this place as a percentage of turns spent in this place.
 D = Turns resting spent in this place as a percentage of non-inter-level travel turns spent in this place.
 E = Turns spent auto-exploring this place as a percentage of non-inter-level travel turns spent in this place.
 F = Non-inter-level travel turns spent in this place divided by the number of levels of this place that you've seen.
                   A       B       C       D       E      F
               +-------+-------+-------+-------+-------+----------------------
         Total | 100.0 | 100.0 |   2.9 |  12.9 |  65.0 | 649.5
       Dungeon |  98.9 |  99.1 |   2.7 |  13.1 |  64.8 | 772.0
        Temple |   1.1 |   0.9 |  19.6 |   0.0 |  89.2 |  37.0
               +-------+-------+-------+-------+-------+----------------------

Table legend:
 A = Kills in this place as a percentage of kills in entire the game.
 B = Kills by you in this place as a percentage of kills by you in the entire game.
 C = Kills by friends in this place as a percentage of kills by friends in the entire game.
 D = Other kills in this place as a percentage of other kills in the entire game.
 E = Experience gained in this place as a percentage of experience gained in the entire game.
 F = Experience gained in this place divided by the number of levels of this place that you have seen.
                   A       B       C       D       E      F
               +-------+-------+-------+-------+-------+----------------------
         Total | 100.0 | 100.0 |   N/A |   N/A | 100.0 | 199.5
       Dungeon | 100.0 | 100.0 |   N/A |   N/A | 100.0 | 239.4
               +-------+-------+-------+-------+-------+----------------------
